 Dungeon Crawl Stone Soup version 0.30-a0-310-g7d6cbdfea6 (webtiles) character file.

Game seed: 743336436024401367

71 hikkokomori the Caller (level 3, -2/26 HPs)
             Began as a Demigod Summoner on Oct 25, 2022.
             Slain by a gnoll
             ... wielding a +0 club
              (5 damage)
             ... on level 2 of the Dungeon.
             The game lasted 00:04:38 (1268 turns).

hikkokomori the Caller (Demigod Summoner)           Turns: 1268, Time: 00:04:38

Health: -2/26      AC:  9    Str:  9    XL:     3   Next: 79%
Magic:  5/8        EV: 10    Int: 17    God:
Gold:   53         SH:  0    Dex: 24    Spells: 2/5 levels left

rFire   . . .      SeeInvis .    q - +0 sling
rCold   . . .      Faith    .    (no shield)
rNeg    . . .      Spirit   .    u - +2 ring mail of Elirisej {Dex+6}
rPois   .          Reflect  .    (no helmet)
rElec   .          Harm     .    (no cloak)
rCorr   .          Rampage  .    o - +1 pair of gloves {hurl}
Will    .....                    (no boots)
Stlth   ++........               (no amulet)
HPRegen 0.24/turn                (no ring)
MPRegen 0.11/turn                (no ring)

@: very slightly contaminated
A: high MP 1, forlorn, divine attributes
a: no special abilities


You were on level 2 of the Dungeon.
You visited 1 branch of the dungeon, and saw 2 of its levels.

You collected 53 gold pieces.

Inventory:

Hand Weapons
 h - a +0 dagger
 q - a +0 sling (weapon)
 t - a +0 rapier
Armour
 a - a +0 robe
 n - a +2 ring mail of cold resistance
 o - a +1 pair of gloves of hurling (worn)
 u - the +2 ring mail of Elirisej (worn) {Dex+6}
   (You found it on level 2 of the Dungeon)

   Dex:       It affects your dexterity (+6).
Scrolls
 e - a scroll of magic mapping {unknown}
 i - a scroll of poison {unknown}
 l - 3 scrolls of identify {unknown}
 p - a scroll of vulnerability {unknown}
 r - a scroll of teleportation {unknown}
Potions
 b - a potion of magic
 c - a potion of attraction {unknown}
 d - 2 potions of curing {unknown}
 f - a potion of might {unknown}
 g - 3 potions of lignification {unknown}
 j - 2 potions of flight {unknown}
 k - a potion of invisibility {unknown}
 m - 2 potions of degeneration {unknown}
 s - a potion of haste {unknown}


   Skills:
 - Level 1.7 Dodging
 - Level 1.7 Stealth
 - Level 1.7 Spellcasting
 + Level 5.1 Summonings


You had 2 spell levels left.
You knew the following spells:

 Your Spells              Type           Power      Damage    Failure   Level
a - Summon Small Mammal   Summ           76%        N/A       7%          1
b - Call Imp              Summ           19%        N/A       10%         2

Your spell library contained the following spells:

 Spells                   Type           Power      Damage    Failure   Level
 Call Canine Familiar     Summ           19%        N/A       21%         3
 Summon Guardian Golem    Hex/Summ       10%        N/A       50%         3
 Ignite Poison            Fire/Tmut/Pois 1%         N/A       86%         3
 Kindle Blastsparks       Fire/Tloc/Air  2%         2d10      86%         3
 Summon Lightning Spire   Summ/Air       10%        N/A       88%         4
 Freezing Cloud           Conj/Ice/Air   0%         6-21      100%        5


Dungeon Overview and Level Annotations

Branches:
Dungeon (2/15)


Innate Abilities, Weirdness & Mutations

You have an increased reservoir of magic. (+10% MP)
You shall have no god before yourself.
Your divine heritage dramatically boosts your attributes as you level up.


Message History

A gnoll comes into view. It is wielding a +0 flail.
A gnoll comes into view. It is wielding a +0 club.
You shoot a sling bullet. The sling bullet hits the gnoll.
The gnoll is moderately wounded.
You shoot a sling bullet.
The sling bullet barely misses the gnoll.
The gnoll hits you with a +0 club. The gnoll barely misses you.
The gnoll hits you from afar with a +0 spear.
You shoot a sling bullet.
The sling bullet hits the gnoll but does no damage.
The gnoll is moderately wounded.
The gnoll completely misses you. x2
You shoot a sling bullet.
The sling bullet hits the gnoll but does no damage.
The gnoll is moderately wounded.
The gnoll hits you from afar with a +0 spear.
The gnoll hits you with a +0 club. x2
The gnoll hits you from afar with a +0 spear.
You are too injured to fight recklessly!
The gnoll attacks as you move away! The gnoll closely misses you.
Casting: Summon Small Mammal (safe; 7% risk of failure)
Confirm with . or Enter, or press ? or * to list all spells.
You miscast Summon Small Mammal.
You are very lightly contaminated with residual magic.
Nothing appears to happen.
The gnoll barely misses you.
Unknown command.
Casting: Summon Small Mammal (safe; 7% risk of failure)
Confirm with . or Enter, or press ? or * to list all spells.
You miscast Summon Small Mammal.
Nothing appears to happen.
The gnoll hits you from afar with a +0 spear.
* * * LOW HITPOINT WARNING * * *
The gnoll hits you but does no damage.
Unknown command.
The gnoll attacks as you move away! The gnoll hits you but does no damage.
Casting: Summon Small Mammal (safe; 7% risk of failure)
Confirm with . or Enter, or press ? or * to list all spells.
The gnoll hits you with a +0 club.
* * * LOW HITPOINT WARNING * * *
The gnoll attacks as you move away! The gnoll hits you with a +0 club.
You die...

#...# #....# ####.
##.#.# #....# ###(
##..#.#
#....####...
#..##.#
#....#.†..#.
###.## >#
###..<.#####
##...# .### #.####
. ##..### ...# #.#
..
#..########.##..#
#.#
###†####r@g.gg...#
#..)###..####l####
#.......## )#
#†..###### .l
#...# ... #####
.... ..... †.....


You could see 3 gnolls, a frilled lizard and a friendly rat (summoned).

Vanquished Creatures
  A gnoll (D:2)
  2 adders (D:2)
  A dart slug (D:2)
  4 bats (D:1)
  3 endoplasms
  3 giant cockroaches
  3 goblins
  A hobgoblin (D:1)
  A kobold (D:2)
  A quokka (D:2)
  4 ball pythons
  3 frilled lizards
  3 rats
30 creatures vanquished.

Vanquished Creatures (collateral kills)
  2 endoplasms (D:1)
  2 giant cockroaches
  3 goblins
  A hobgoblin (D:1)
  A kobold (D:1)
  A ball python (D:1)
10 creatures vanquished.

Grand Total: 40 creatures vanquished

Notes
Turn   | Place    | Note
-------+----------+-------------------------------------------
     0 | D:1      | hikkokomori the Demigod Summoner began the quest for the
                  | Orb.
     0 | D:1      | Reached XP level 1. HP: 14/14 MP: 5/5
   130 | D:1      | Reached skill level 4 in Summonings
   239 | D:1      | Reached XP level 2. HP: 19/20 MP: 4/7
   838 | D:1      | Learned a level 2 spell: Call Imp
  1024 | D:2      | Reached XP level 3. HP: 26/26 MP: 6/8
  1162 | D:2      | Identified the +2 ring mail of Elirisej {Dex+6}
  1176 | D:2      | Reached skill level 5 in Summonings
  1268 | D:2      | Slain by a gnoll

Illustrated notes

Levels and vault maps discovered:
D:1:      lemuel_arrival_hallway, layout_basic
D:2:      layout_rooms, shapermc_ecumenical_altar_flowoftime, basic_altar

Skill      XL: |  1  2  3 |
---------------+----------+-----
Summonings     | 4 5 |  5.1
Dodging        | |  1.7
Stealth        | |  1.7
Spellcasting   | |  1.7

Action                   || total
-------------------------++-------
Melee: Unarmed           ||    29
       Dagger            ||    88
       Punch             ||     2
 Fire: Sling             ||    23
 Cast: Summon Small Mamm ||    20
 Stab: Sleeping          ||     1
Armor: Robe              ||    28
       Ring mail         ||    13
Dodge: Dodged            ||   114

Table legend: (Time is in decaauts)
 A = Elapsed time spent in this place.
 B = Non-inter-level travel time spent in this place.
 C = Inter-level travel time spent in this place.
 D = Time resting spent in this place.
 E = Time spent auto-exploring this place.
 F = Levels seen in this place.
 G = Mean time per level.
                   A        B        C        D        E       F      G
               +--------+--------+--------+--------+--------+-----+--------+
         Total |   1279 |   1237 |     42 |      0 |    803 |   2 |  639.5 |
       Dungeon |   1279 |   1237 |     42 |      0 |    803 |   2 |  639.5 |
               +--------+--------+--------+--------+--------+-----+--------+

Top non-repeatable levels by time:
     D:1: 1011 daAuts
     D:2: 268 daAuts
